 Dungeon Crawl Stone Soup version 0.31-a0-237-g2d982f9f85 (webtiles) character file.

Game seed: 3773437494902624342

77 qw the Shooter (level 4, -1/26 HPs)
             Began as a Gargoyle Hexslinger on July 11, 2023.
             Slain by an ogre
             ... wielding a +0 giant club
              (27 damage)
             ... on level 6 of the Dungeon.
             The game lasted 00:00:27 (1244 turns).

qw the Shooter (Gargoyle Hexslinger)                Turns: 1244, Time: 00:00:28

Health: -1/26      AC:  8    Str: 11    XL:     4   Next: 33%
Magic:  5/5        EV: 10    Int: 14    God:
Gold:   74         SH:  0    Dex: 14    Spells: 4/5 levels left

rFire   . . .        b - +0 sling (heavy)
rCold   . . .        (no shield)
rNeg    + . .        h - +0 ring mail
rPois   inf          (no helmet)
rElec   +            (no cloak)
rCorr   .            (no gloves)
SInv    .            (no boots)
Will    .....        (no amulet)
Stlth   +            (no ring)
HPRegen 0.24/turn    (no ring)
MPRegen 0.09/turn

%: no passive effects
@: no status effects
A: sickness immunity, AC +3, negative energy resistance 1, electricity
resistance, torment resistance 1, petrification resistance
a: no special abilities


You were on level 6 of the Dungeon.
You visited 1 branch of the dungeon, and saw 4 of its levels.

You collected 74 gold pieces.


Innate Abilities, Weirdness & Mutations

You are immune to sickness and miasma.
Your stone body is resilient. (AC +3)
You are immune to poison.
You resist negative energy. (rN+)
You are resistant to electric shocks. (rElec)
You are resistant to unholy torment.
You are immune to petrification.


   Skills:
 - Level 2.0 Fighting
 - Level 4.0 Ranged Weapons
 + Level 0.9 Armour
 - Level 1.5 Dodging
 - Level 1.0 Spellcasting
 - Level 2.6 Hexes


You had 4 spell levels left.
You knew the following spells:

 Your Spells              Type           Power      Damage    Failure   Level
a - Slow                  Hex            32%        N/A       22%         1

Your spell library contained the following spells:

 Spells                   Type           Power      Damage    Failure   Level
 Inner Flame              Hex/Fire       4%         N/A       73%         3
 Portal Projectile        Hex/Tloc       8%         N/A       73%         3
 Cause Fear               Hex            4%         N/A       91%         4

Inventory:

Hand Weapons
 b - a +0 heavy sling (weapon)
Armour
 h - a +0 ring mail (worn)
Scrolls
 a - 2 scrolls of teleportation
Potions
 c - a potion of mutation {unknown}
 d - a potion of degeneration {unknown}
 f - a potion of heal wounds
 g - a potion of cancellation {unknown}
 i - a potion of curing
 j - a potion of brilliance {unknown}
 k - a potion of resistance {unknown}
 m - a potion of might {unknown}

Dungeon Overview and Level Annotations

Branches:
Dungeon (3/15)

Altars:


Message History

You see here a +0 leather armour.
Done exploring.
Enter note:
Enter note:
Enter note:
Enter note:
Enter note:
Enter note: Done exploring.
(D) Dungeon
Where to? (* - list waypoints, Enter - D:2, ? - help)
What level of the Dungeon? (default 1, ? - help)
You see here a +0 leather armour.
You see here an adder corpse.
There is a stone staircase leading down here.
You climb downwards.
A sourceless malevolence fills the Dungeon...
You fall into a shaft and drop 3 floors!
The shaft crumbles and collapses.
Found a bronze wand and a bubbling white potion.
Sorry, I don't know how to get there.
Waypoint 2 assigned to D:6.
You see here a wand of polymorph (4).
An ogre comes into view. It is wielding a +0 giant club.
The ogre shouts!
You shoot a sling bullet.
The sling bullet closely misses the ogre.
You shoot a sling bullet. The sling bullet hits the ogre.
The ogre is moderately wounded.
You shoot a sling bullet. The sling bullet hits the ogre!
The ogre is heavily wounded.
A jelly comes into view.
You shoot a sling bullet. The jelly quivers.
The sling bullet hits the ogre!
The ogre is almost dead.
The ogre closely misses you.
The ogre hits you with a +0 giant club!!
Ouch! That really hurt!
You die...

#.......#
#.......##
#........
###....J..#
.........## #....
.... ###..O##.#.#
.#.!..@..##.#####
..........##.....#
....#...#.##.....#
.................#
...###..####/....#
.. .....# #.....#
# #####.# #######
#.# #.


You could see an ogre and a jelly.

Vanquished Creatures
  5 adders (D:2)
  An orc (D:2)
  3 bats
  An endoplasm (D:2)
  A giant cockroach (D:2)
  3 goblins
  2 hobgoblins
  3 kobolds
  2 quokkas
  5 ball pythons
  4 frilled lizards
  2 rats
32 creatures vanquished.

Notes
Turn   | Place    | Note
-------+----------+-------------------------------------------
     0 | D:1      | qw the Gargoyle Hexslinger began the quest for the Orb.
     0 | D:1      | Reached XP level 1. HP: 12/12 MP: 2/2
     0 | D:1      | 0 ||| qw: Version: 0.3-a-52-g30416fa
     0 | D:1      | 0 ||| qw: Game counter: 5648
     0 | D:1      | 0 ||| qw: Melee chars always use a shield: true
     0 | D:1      | 0 ||| qw: God list: Okawaru
     0 | D:1      | 0 ||| qw: Allow faded altars: false
     0 | D:1      | 0 ||| qw: Do Orc after clearing Dungeon:15 true
     0 | D:1      | 0 ||| qw: Do second Lair branch before Depths: true
     0 | D:1      | 0 ||| qw: Lair rune preference: random
     0 | D:1      | 0 ||| qw: Goals: Normal
     0 | D:1      | 0 ||| PLANNING D:1-11
   212 | D:1      | Reached XP level 2. HP: 16/16 MP: 3/3
   288 | D:1      | Reached skill level 3 in Ranged Weapons
   340 | D:1      | 340 ||| UPGRADING to +0 leather armour.
   350 | D:1      | 350 ||| DROPPING +0 robe.
   351 | D:1      | 351 ||| UPGRADING to +0 ring mail.
   361 | D:1      | 361 ||| DROPPING +0 leather armour.
   362 | D:1      | 362 ||| READING 3 scrolls labelled MUMUDA QAIFRE.
   367 | D:1      | 367 ||| READING scroll labelled HUBRAQO LEGHI.
   368 | D:1      | 368 ||| READING scroll labelled ZIP GU YTUEST.
   369 | D:1      | 369 ||| DRINKING 2 silvery potions.
   370 | D:1      | 370 ||| DRINKING 2 dark potions.
   371 | D:1      | 371 ||| DROPPING scroll of poison.
   453 | D:2      | Reached XP level 3. HP: 21/21 MP: 4/4
   596 | D:2      | 596 ||| SWAPPING to +0 heavy sling.
   597 | D:2      | 597 ||| DROPPING +2 sling.
   862 | D:2      | Found a faded altar of an unknown god.
   900 | D:2      | Reached skill level 4 in Ranged Weapons
   900 | D:2      | Reached XP level 4. HP: 24/26 MP: 5/5
  1231 | D:3      | You fall into a shaft and drop 3 floors!
  1240 | D:6      | Noticed an ogre
  1244 | D:6      | Slain by an ogre

Levels and vault maps discovered:
D:1:      scummos_arrival_checkerplants, layout_rooms
D:2:      layout_basic, basic_ecumenical_altar, grunt_decor_clamped
D:3:      layout_rooms, lemuel_tele_altar, item_on_display_a
D:6:      layout_loops_cross, hangedman_ru_absence, chequers_decorated_corner

Skill      XL: |  1  2  3 |
---------------+----------+-----
Ranged Weapons | 3 4 |  4.0
Fighting       | 2 |  2.0
Armour         | |  0.9
Dodging        | |  1.5
Spellcasting   | |  1.0
Hexes          | |  2.6

Action                     |  1- 3 |  4- 6 || total
---------------------------+-------+-------++-------
   Fire: Sling             |    89 |    15 ||   104
    Use: Scroll            |     3 |       ||     3
         Potion            |     2 |       ||     2
 Armour: Robe              |     2 |       ||     2
         Ring mail         |    20 |     6 ||    26
  Dodge: Dodged            |    33 |     7 ||    40

Table legend:
 A = Non-vault XP
 B = Vault XP
 C = Vault XP percentage of total XP
 D = Non-vault monster count
 E = Vault monster count
 F = Vault count percentage of total count
                 A         B        C        D         E       F
            +---------+---------+-------+---------+---------+-------
      Total |     110 |       0 |   0.0 |      32 |       0 |   0.0
            +---------+---------+-------+---------+---------+-------
        D:1 |      19 |       0 |   0.0 |      12 |       0 |   0.0
        D:2 |      91 |       0 |   0.0 |      20 |       0 |   0.0
            +---------+---------+-------+---------+---------+-------
